 Dungeon Crawl Stone Soup version 0.26-a0-412-ga3d1f51b (webtiles) character file.

Game seed: 18090480648845909286

123 Illumine the Skirmisher (level 4, -15/39 HPs)
             Began as a Palentonga Fighter on July 23, 2020.
             Demolished by an ogre
             ... wielding a +0 giant spiked club
              (17 damage)
             ... on level 4 of the Dungeon.
             The game lasted 00:02:25 (2633 turns).

Illumine the Skirmisher (Palentonga Fighter)        Turns: 2633, Time: 00:02:26

Health: -15/39     AC:  6    Str: 20    XL:     4   Next: 80%
Magic:  4/4        EV:  5    Int:  8    God:
Gold:   102        SH:  9    Dex: 10    Spells: 3/3 levels left

rFire    . . .     SeeInvis +   a - +0 war axe
rCold    . . .     Faith    .   c - +0 kite shield
rNeg     . . .     Spirit   .   b - +0 scale mail
rPois    .         Reflect  .   (no helmet)
rElec    .         Harm     .   (no cloak)
rCorr    .                      (no gloves)
MR       .....                  (boots restricted)
Stlth    ..........             (no amulet)
HPRegen  0.13/turn              (no ring)
MPRegen  0.09/turn              (no ring)

@: mighty
A: large, rugged brown scales 3, see invisible, deformed body, roll, armoured
tail
a: Rolling Charge


You were on level 4 of the Dungeon.
You visited 1 branch of the dungeon, and saw 4 of its levels.

You collected 102 gold pieces.

Inventory:

Hand Weapons
 a - a +0 war axe (weapon)
 l - a +0 hunting sling
Missiles
 m - 70 sling bullets
Armour
 b - a +0 scale mail (worn)
 c - a +0 kite shield (worn)
Scrolls
 e - 2 scrolls of random uselessness
 f - a scroll of amnesia
 g - a scroll of fear {unknown}
 h - 2 scrolls of teleportation
 j - 3 scrolls of remove curse {unknown}
 o - 2 scrolls of identify {unknown}
 p - 4 scrolls of enchant armour {unknown}
 r - a scroll of blinking {unknown}
Potions
 i - a potion of resistance {unknown}
 k - a potion of lignification {unknown}
 n - 3 potions of curing {unknown}
 q - a potion of magic {unknown}


   Skills:
 + Level 3.7 Fighting
 * Level 3.4 Axes
 + Level 3.0 Armour
 + Level 3.0 Shields


You had 3 spell levels left.
You didn't know any spells.
Your spell library was empty.

Dungeon Overview and Level Annotations

Branches:
Dungeon (4/15)
 Temple: D:4-7

Altars:
Nemelex Xobeh
Okawaru
Vehumet


Innate Abilities, Weirdness & Mutations

You are completely covered in rugged brown scales. (AC +3, +7% HP)
You have supernaturally acute eyesight. (SInv)
Armour fits poorly on your strangely shaped body.
You can roll at foes to attack.
You have a long armoured tail.


Message History

Found 15 gold pieces.
The bullfrog hits you.
Okay, then.
You feel very mighty all of a sudden.
The bullfrog hits you but does no damage.
You block the ogre's attack.
You slash the ogre!
The ogre is heavily wounded.
You slash the bullfrog! You block the bullfrog's attack.
The bullfrog hits you but does no damage.
The ogre hits you with a +0 giant spiked club!
* * * LOW HITPOINT WARNING * * *
You barely miss the ogre.
The ogre is heavily wounded.
You barely miss the bullfrog. The bullfrog hits you.
* * * LOW HITPOINT WARNING * * *
The bullfrog hits you.
* * * LOW HITPOINT WARNING * * *
The ogre hits you with a +0 giant spiked club!
You die...

............#
...........#
..........# .
.........## .
.......... ..
#.........
#.........
#Ol.......
#@F.......
#.........
#$........
#.........
#.........
#.........
#.........
#########


You could see an ogre, a bullfrog and a leopard gecko.

Vanquished Creatures
  4 adders
  An ooze (D:3)
  A worm (D:3)
  3 dart slugs (D:1)
  A leopard gecko (D:2)
  2 orcs (D:3)
  3 giant cockroaches
  12 goblins
  9 hobgoblins
  3 jackals (D:1)
  3 quokkas
  A ball python (D:3)
  10 bats
  2 frilled lizards
  5 kobolds
  8 rats
68 creatures vanquished.

Notes
Turn   | Place    | Note
-------+----------+-------------------------------------------
     0 | D:1      | Illumine the Palentonga Fighter began the quest for the
                  | Orb.
     0 | D:1      | Reached XP level 1. HP: 19/19 MP: 1/1
   135 | D:1      | Reached XP level 2. HP: 12/25 MP: 2/2
   880 | D:2      | Reached XP level 3. HP: 31/31 MP: 3/3
  1638 | D:2      | Found a sparkling altar of Nemelex Xobeh.
  1737 | D:2      | Reached XP level 4. HP: 37/37 MP: 4/4
  1934 | D:3      | Noticed a phantom
  2126 | D:3      | Found a radiant altar of Vehumet.
  2436 | D:3      | Found an iron altar of Okawaru.
  2629 | D:4      | Noticed an ogre
  2629 | D:4      | Noticed a bullfrog
  2633 | D:4      | Demolished by an ogre

Illustrated notes

Levels and vault maps discovered:
D:1:      dpeg_arrival_stonehenge_12_columns, layout_basic,
          chequers_serial_rivers_micro_a
D:2:      kb_forest_paths, layout_basic, nemelex_diamond_rough_becter
D:3:      layout_basic, vehumet_crystals, okawaru_metal_pillars_1_2
D:4:      layout_basic, enter_ossuary_1, bloody_makhleb

Skill      XL: |  1  2  3  4 |
---------------+-------------+-----
Axes           | 3 |  3.4
Shields        | 3 |  3.0
Armour         | 3 |  3.0
Fighting       | |  3.7

Action                   |  1- 3 |  4- 6 || total
-------------------------+-------+-------++-------
Melee: War axe           |   127 |    90 ||   217
       Tailslap          |    10 |    10 ||    20
 Abil: Rolling Charge    |       |     3 ||     3
  Use: Scroll            |       |     3 ||     3
       Potion            |       |     1 ||     1
Armor: Scale mail        |    90 |    42 ||   132
Dodge: Dodged            |    37 |    18 ||    55
Block: Kite shield       |    79 |    48 ||   127

Table legend: (Time is in decaauts)
 A = Elapsed time spent in this place.
 B = Non-inter-level travel time spent in this place.
 C = Inter-level travel time spent in this place.
 D = Time resting spent in this place.
 E = Time spent auto-exploring this place.
 F = Levels seen in this place.
 G = Mean time per level.
                   A        B        C        D        E       F      G
               +--------+--------+--------+--------+--------+-----+--------+
         Total |   2726 |   2689 |     37 |    292 |   1796 |   4 |  681.5 |
       Dungeon |   2726 |   2689 |     37 |    292 |   1796 |   4 |  681.5 |
               +--------+--------+--------+--------+--------+-----+--------+

Top non-repeatable levels by time:
     D:2: 1096 daAuts
     D:1: 903 daAuts
     D:3: 715 daAuts
     D:4: 11 daAuts
